 Dungeon Crawl Stone Soup version 0.23.1 (webtiles) character file.

Game seed: 0

53 Borgoz the Sneak (level 3, -18/26 HPs)
             Began as a Ghoul Enchanter on Mar 4, 2019.
             Demolished by an ogre
             ... wielding a +0 giant spiked club
              (26 damage)
             ... on level 2 of the Dungeon.
             The game lasted 00:06:13 (2427 turns).

Borgoz the Sneak (Ghoul Enchanter)                  Turns: 2427, Time: 00:06:13

Health: -18/26     AC:  2    Str: 11    XL:     3   Next: 87%
Magic:  0/4        EV: 12    Int: 11    God:
Gold:   47         SH:  0    Dex:  9    Spells: 2/5 levels left

rFire    . . .     SeeInvis .   a - +1 dagger
rCold    + . .     Gourm    .   (no shield)
rNeg     + + +     Faith    .   b - +0 robe
rPois    ∞         Spirit   .   (no helmet)
rElec    .         Reflect  .   (no cloak)
rCorr    .         Harm     .   (no gloves)
MR       .....                  (no boots)
Stlth    ++........             (no amulet)
HPRegen  0.00/turn              (no ring)
MPRegen  0.09/turn              (no ring)

@: very slightly contaminated, rotting
A: rotting body, claws 1, carnivore, cold resistance 1, negative energy
resistance 3, inhibited regeneration, torment resistance, unbreathing
a: no special abilities


You were on level 2 of the Dungeon.
You were not hungry.

You visited 1 branch of the dungeon, and saw 2 of its levels.

You collected 47 gold pieces.

Inventory:

Hand Weapons
 a - a +1 dagger (weapon)
Armour
 b - a +0 robe (worn)
Scrolls
 c - a scroll of amnesia
 e - a scroll of noise
 f - a scroll of magic mapping
 h - 2 scrolls of remove curse
Potions
 g - a potion of curing
Comestibles
 d - 6 rations


   Skills:
 * Level 2.3 Short Blades
 + Level 2.3 Dodging
 + Level 3.9 Stealth
 - Level 1.7 Spellcasting
 - Level 2.4 Hexes


You had 2 spell levels left.
You knew the following spells:

 Your Spells              Type           Power        Failure   Level  Hunger
a - Corona                Hex            #......      11%         1    ##.....
b - Ensorcelled Hibernat  Hex/Ice        #.....       28%         2    ###....

Your spell library contained the following spells:

 Spells                   Type           Power        Failure   Level  Hunger
 Confuse                  Hex            #.......     32%         3    ####...
 Tukima's Dance           Hex            #.......     32%         3    ####...
 Dazzling Spray           Conj/Hex       #.....       50%         3    ####...


Dungeon Overview and Level Annotations

Branches:
Dungeon (2/15)

Altars:


Innate Abilities, Weirdness & Mutations

Your body is rotting away.
You thrive on raw meat.
You are immune to poison.
You have sharp fingernails.
You are carnivorous and can eat meat at any time.
Your flesh is cold resistant. (rC+)
You are immune to negative energy. (rN+++)
You do not regenerate when monsters are visible.
You are immune to unholy pain and torment.
You can survive without breathing.


Message History

The helpless ogre fails to defend itself.
You puncture the ogre!
The ogre is heavily wounded.
The ogre hits you with a +0 giant spiked club!
Ouch! That really hurt!
You hit the ogre.
The ogre is heavily wounded.
You hit the ogre.
The ogre is heavily wounded.
The ogre barely misses you.
You hit the ogre.
The ogre is heavily wounded.
The ogre hits you with a +0 giant spiked club.
You hit the ogre.
The ogre is severely wounded.
You barely miss the ogre.
The ogre is severely wounded.
The ogre hits you with a +0 giant spiked club!!
Ouch! That really hurt!
You die...

#......##....###'##
#................
#......#######.###
#......(# #.#
#.......# .#
#.......###
#...........
...####......#####
......O@.....#
.............#
....####.....# ...
####### .


You could see an ogre.

Vanquished Creatures
  2 adders (D:2)
  A worm (D:2)
  A leopard gecko (D:1)
  9 hobgoblins
  4 bats
  A frilled lizard (D:1)
  2 goblins (D:2)
  3 kobolds
  8 rats
31 creatures vanquished.

Notes
Turn   | Place    | Note
-------+----------+-------------------------------------------
     0 | D:1      | Borgoz the Ghoul Enchanter began the quest for the Orb.
     0 | D:1      | Reached XP level 1. HP: 14/14 MP: 2/2
    95 | D:1      | Reached skill level 1 in Short Blades
   466 | D:1      | Reached XP level 2. HP: 20/20 MP: 3/3
   615 | D:1      | Learned a level 2 spell: Ensorcelled Hibernation
  1256 | D:2      | Reached XP level 3. HP: 16/26 MP: 4/4
  1926 | D:2      | Noticed an ogre
  2427 | D:2      | Demolished by an ogre

Skill      XL: |  1  2  3 |
---------------+----------+-----
Short Blades   | 1 2 |  2.3
Dodging        | 2 |  2.3
Stealth        | |  3.9
Spellcasting   | |  1.7
Hexes          | |  2.4

Action                   || total
-------------------------++-------
Melee: Dagger            ||   138
 Cast: Corona            ||     3
       Ensorcelled Hiber ||    10
  Use: Scroll            ||     4
       Potion            ||     4
 Stab: Sleeping          ||    10
  Eat: Chunk             ||    10
Armor: Robe              ||    18
Dodge: Dodged            ||    87
